 Dungeon Crawl Stone Soup version 0.25.1-8-g42b30a86e7 (webtiles) character file.

Game seed: 16364444726479705156

71 Clowwww the Skirmisher (level 4, 0/35 HPs)
             Began as a Demonspawn Fighter on Dec 12, 2020.
             Slain by a gnoll
             ... wielding a +0 spear
              (2 damage)
             ... on level 2 of the Dungeon.
             The game lasted 00:04:05 (1416 turns).

Clowwww the Skirmisher (Demonspawn Fighter)         Turns: 1416, Time: 00:04:06

Health: 0/35       AC: 11    Str: 17    XL:     4   Next: 5%
Magic:  4/4        EV:  7    Int: 10    God:
Gold:   81         SH:  9    Dex: 12    Spells: 3/3 levels left

rFire    . . .     SeeInvis .   a - +0 war axe
rCold    . . .     Gourm    .   c - +0 kite shield
rNeg     . . .     Faith    .   b - +0 scale mail
rPois    .         Spirit   .   (no helmet)
rElec    .         Reflect  .   s - scarf {+Inv}
rCorr    .         Harm     .   i - +0 pair of gloves
MR       .....                  k - +0 pair of boots
Stlth    ..........             (no amulet)
HPRegen  0.11/turn              (no ring)
MPRegen  0.09/turn              (no ring)

@: no status effects
A: claws 2, icy blue scales 1
a: Evoke Invisibility


You were on level 2 of the Dungeon.
You were not hungry.

You visited 1 branch of the dungeon, and saw 2 of its levels.

You collected 81 gold pieces.

Inventory:

Hand Weapons
 a - a +0 war axe (weapon)
Missiles
 q - a throwing net (quivered)
Armour
 b - a +0 scale mail (worn)
 c - a +0 kite shield (worn)
 i - a +0 pair of gloves (worn)
 k - a +0 pair of boots (worn)
 s - a scarf of invisibility (worn)
Jewellery
 t - an uncursed ring of fire {unknown}
Wands
 p - a wand of iceblast (7)
Scrolls
 h - a scroll of enchant armour {unknown}
 j - 3 scrolls of identify {unknown}
 l - a scroll of random uselessness {unknown}
 m - a scroll of amnesia {unknown}
 n - a scroll of teleportation {unknown}
 o - a scroll of immolation {unknown}
Potions
 d - a potion of might
 e - 3 potions of heal wounds {unknown}
 r - 3 potions of curing {unknown}
Comestibles
 f - 8 rations
 g - 3 chunks of flesh


   Skills:
 + Level 3.2 Fighting
 + Level 2.8 Axes
 + Level 3.2 Armour
 + Level 0.4 Dodging
 + Level 3.1 Shields


You had 3 spell levels left.
You didn't know any spells.
Your spell library was empty.

Dungeon Overview and Level Annotations

Branches:
Dungeon (2/15)

Altars:
Hepliaklqana
Nemelex Xobeh
Sif Muna


Innate Abilities, Weirdness & Mutations

You have very sharp fingernails.
You are partially covered in icy blue scales. (AC +2)


Message History

* * * LOW HITPOINT WARNING * * *
You block the giant cockroach's attack. The gnoll hits you but does no damage.
You block the gnoll's attack.
You hit the giant cockroach.
You kill the giant cockroach!
You block the gnoll's attack. The gnoll hits you but does no damage.
The gnoll hits you but does no damage. x2
Things that are here:
a +0 flail; a +0 club; a rat corpse You hit the gnoll.
The gnoll is moderately wounded.
You hit the gnoll. You block the gnoll's attack.
The gnoll completely misses you.
You hit the gnoll but do no damage.
The gnoll is moderately wounded.
You slash the gnoll! You block the gnoll's attack.
The gnoll hits you with a +0 spear.
* * * LOW HITPOINT WARNING * * *
The gnoll hits you with a +0 spear.
You die...

####### ### .....?. ##.#
....... #..# .......
##..## .......
##....###########g......
....(...........@g......
#####...##.....##.......
# ###.##.....# .......
#.##.....#........
#######.##..............
...............####....#
#######.###..### .##.#
#.#...## ## .# #.#.###


You could see 2 gnolls.

Vanquished Creatures
  An adder (D:2)
  2 gnolls (D:2)
  A worm (D:2)
  A dart slug (D:2)
  2 leopard geckos (D:2)
  3 giant cockroaches
  7 goblins
  3 hobgoblins
  4 kobolds
  10 bats
  A frilled lizard (D:2)
  3 rats
38 creatures vanquished.

Notes
Turn   | Place    | Note
-------+----------+-------------------------------------------
     0 | D:1      | Clowwww the Demonspawn Fighter began the quest for the Orb.
     0 | D:1      | Reached XP level 1. HP: 18/18 MP: 1/1
   313 | D:1      | Gained mutation: You have sharp fingernails. [demonic
                  | ancestry]
   313 | D:1      | Reached XP level 2. HP: 24/24 MP: 2/2
   795 | D:2      | Found a shimmering blue altar of Sif Muna.
   797 | D:2      | Found a hazy altar of Hepliaklqana.
   837 | D:2      | Gained mutation: You are partially covered in icy blue
                  | scales. (AC +2) [demonic ancestry]
   837 | D:2      | Reached XP level 3. HP: 14/29 MP: 3/3
  1021 | D:2      | Found a sparkling altar of Nemelex Xobeh.
  1410 | D:2      | Gained mutation: You have very sharp fingernails. [demonic
                  | ancestry]
  1410 | D:2      | Reached XP level 4. HP: 8/35 MP: 4/4
  1416 | D:2      | Slain by a gnoll

Illustrated notes

Levels and vault maps discovered:
D:1:      shiori_arrival_oz, layout_loops_ring
D:2:      layout_rooms, chequers_temple_overflow_statue_of_worship,
          lemuel_coloured_pillars_altar, corexii_shack, minmay_pentomino_z2

Skill      XL: |  1  2  3 |
---------------+----------+-----
Armour         | 3 |  3.2
Axes           | 2 |  2.8
Shields        | 3 |  3.1
Fighting       | |  3.2
Dodging        | |  0.4

Action                   |  1- 3 |  4- 6 || total
-------------------------+-------+-------++-------
Melee: War axe           |   145 |     5 ||   150
  Eat: Chunk             |     2 |       ||     2
Armor: Scale mail        |   102 |     5 ||   107
Dodge: Dodged            |    54 |     5 ||    59
Block: Kite shield       |    97 |     8 ||   105
